 Dungeon Crawl Stone Soup version 0.20.1-1-g8b1a95d (webtiles) character file.

304976 HuneSparrow the Fencer (level 20, -16/163 HPs)
             Began as a Demonspawn Fighter on July 16, 2017.
             Was the Champion of Qazlal.
             Demolished by an angel
             ... wielding a +3 sacred scourge of holy wrath
              (17 damage)
             ... on level 3 of the Abyss on July 17, 2017.
             The game lasted 04:52:10 (47791 turns).

HuneSparrow the Fencer (Demonspawn Fighter)        Turns: 47791, Time: 04:52:10

Health: -16/163    AC: 22    Str: 26      XL:     20   Next: 27%
Magic:  0/26       EV: 16    Int: 21      God:    Qazlal [******]
Gold:   2453       SH:  0    Dex: 14 (15) Spells: 19/19 levels left

rFire    . . .     SeeInvis +   E - +7 long sword (venom)
rCold    . . .     Gourm    +   c - +0 shield
rNeg     + . .     Faith    .   Q - +3 storm dragon scales {Bai Suzhen}
rPois    +         Spirit   +   (helmet unavailable)
rElec    +         Reflect  .   A - scarf of the Accordion {+Fly Regen+ Int+3 SInv}
rCorr    .         Harm     .   u - +2 pair of gloves {Str+3}
MR       +....                  (no boots)
Stlth    ..........             M - amulet of the gourmand
Regen    0.8/turn               I - ring of poison resistance
MPRegen  0.4/turn               L - ring "Iceamuc" {rN+ EV+2 Int+5}

@: confused, agile, about to teleport, protected from physical damage, corroded,
glowing, repel missiles
A: claws 2, horns 3, clever 1, [clumsy 1], [deterioration 2], [low mp 2],
powered by pain 3, weak 1, augmentation 1, magic shield, magic regeneration,
magic link, sturdy frame 1
}: 2/15 runes: decaying, serpentine
a: Upheaval, Elemental Force, Disaster Area, Renounce Religion, Evoke Flight


You were on level 3 of the Abyss.
You worshipped Qazlal.
Qazlal was exalted by your worship.
You were full.

You visited 7 branches of the dungeon, and saw 35 of its levels.
You visited the Abyss 2 times.
You visited 1 bazaar.
You also visited: Sewer and Ossuary.

You collected 3988 gold pieces.
You spent 1535 gold pieces at shops.

Inventory:

Hand Weapons
 E - a +7 long sword of venom (weapon)
 J - the +1 scimitar "Seso" {flame, rC+ rN+ Dex+2}
   (You took it off an orc on level 10 of the Dungeon)

   It has been specially enchanted to burn those struck by it, causing extra
   injury to most foes and up to half again as much damage against particularly
   susceptible opponents.
   Big, fiery blades are also staple armaments of hydra-hunters.
   It affects your dexterity (+2).
   It protects you from cold.
   It protects you from negative energy.
Armour
 c - a +0 shield (worn)
 m - a +1 plate armour of positive energy
 u - a +2 pair of gloves of strength (worn)
 x - a +0 cloak of invisibility
 A - the scarf of the Accordion (worn) {+Fly Regen+ Int+3 SInv}
   (You found it on level 2 of the Lair of Beasts)

   It affects your intelligence (+3).
   It lets you see invisible.
   It lets you fly.
   It increases your rate of regeneration.
 Q - +3 storm dragon scales (worn) {Bai Suzhen}
Jewellery
 j - an uncursed ring of protection from fire
 p - an uncursed ring of resist corrosion
 y - an uncursed ring of flight
 H - an uncursed ring of positive energy
 I - a ring of poison resistance (left hand)
 L - the ring "Iceamuc" (right hand) {rN+ EV+2 Int+5}
   (You found it on level 9 of the Dungeon)

   [ring of evasion]

   It affects your evasion (+2).
   It affects your intelligence (+5).
   It protects you from negative energy.
 M - an amulet of the gourmand (around neck)
 W - an uncursed ring of ice
Wands
 d - a wand of lightning (13/15)
 z - a wand of disintegration (8/24)
 O - a wand of lightning (9/15)
Scrolls
 a - 2 scrolls of fear
 b - a scroll of holy word
 e - 5 scrolls of enchant armour
 i - 17 scrolls of remove curse
 o - a scroll of silence
 t - 4 scrolls of blinking
 v - 2 scrolls of enchant weapon
 w - a scroll of summoning
 F - 3 scrolls of recharging
 N - a scroll of amnesia
 P - 12 scrolls of identify
 R - 3 scrolls of fog
 U - a scroll of magic mapping
 X - 6 scrolls of immolation
 Z - 3 scrolls of torment
Potions
 k - 4 potions of ambrosia
 q - a potion of mutation
 s - 12 potions of brilliance
 B - 5 potions of flight
 C - a potion of agility
Books
 T - a book of Clouds

   Spells                             Type                      Level
   a - Poisonous Vapours              Poison/Air                   2
   b - Mephitic Cloud                 Conjuration/Poison/Air       3
   c - Conjure Flame                  Conjuration/Fire             3
   d - Freezing Cloud                 Conjuration/Ice/Air          6
   e - Ring of Flames                 Charms/Fire                  7
Miscellaneous
 g - a phial of floods
 S - a phantom mirror
 V - a lamp of fire
Comestibles
 f - 23 bread rations
 h - 21 meat rations
 r - 25 royal jellies
 G - 46 fruits


   Skills:
 + Level 15.5 Fighting
 + Level 18.9 Long Blades
 + Level 14.4 Armour
 + Level 14.6 Shields
 + Level 18.8 Invocations


You had 19 spell levels left.
You didn't know any spells.

Dungeon Overview and Level Annotations

Branches:
Dungeon (15/15)            Temple (1/1) D:4            Lair (6/6) D:9
  Swamp (4/4) Lair:2        Snake (4/4) Lair:3        Slime (0/5) Lair:5
    Orc (2/2) D:10            Elf (3/3) Orc:2        Vaults (0/5) D:13
 Depths (0/5) D:15

Altars:
Ashenzari
Cheibriados
Dithmenos
Elyvilon
Fedhas
Kikubaaqudgha
Makhleb
Qazlal
Trog
Uskayaw
Vehumet
Zin
The Shining One
Beogh
Jiyva

Shops:
D:10 (   D:13 :   D:15 [   Orc:2 %*[(   Elf:1 =   Elf:2 (   Snake:1 =[!

Portals:
Trove: D:12 (show slimy rune of Zot)


Innate Abilities, Weirdness & Mutations

You have a pair of large horns on your head.
You are powered by pain.
Your magical and physical power is slightly enhanced at high health.
When hurt, damage is shared between your health and your magic reserves.
You regenerate magic rapidly.
When low on magic, you restore magic in place of health.
Your movements are slightly less encumbered by armour. (ER -2)
You have very sharp fingernails.
Your mind is acute. (Int +2)
You are weak. (Str -2)
[You are clumsy. (Dex -2)]
[Your body often deteriorates upon taking damage.]
[Your magical capacity is very low. (-20% MP)]


Message History

The sixfirhy misses you.
The angel hits you with a sacred scourge of holy wrath!
* * * LOW HITPOINT WARNING * * *
You convulse!
* * * LOW HITPOINT WARNING * * *
The angel closely misses you.
The guardian serpent hits you but does no damage.
The guardian serpent weaves intricate patterns with the tip of its tongue.
The entropy weaver casts a spell.
The entropic weave corrodes you!
The starcursed mass shrieks in your mind.
* * * LOW HITPOINT WARNING * * *
The lorocyproca hits you but does no damage.
The wraith is engulfed in freezing vapours.
The angel hits you with a sacred scourge of holy wrath!!
* * * LOW HITPOINT WARNING * * *
Your body deteriorates!
You feel clumsy.
You feel more protected from physical attacks.
You convulse!!
You die...

#..#.S#[≈≈#
###.##.#≈≈≈# .
.#..##.≈≈≈## ## . ≈≈
###§≈u≈≈≈ .##. .# ♣≈≈
≈≈.#≈≈###...# # ≈#≈a
≈≈X5≈## ##.## #
≈≈≈≈≈#§SX#.....#.##.
≈≈..≈W2X♣4###... ...
≈A.≈≈≈A@##...#.###..#
. ≈≈≈≈..S3# ##3
####.###. ≈≈≈≈#.3##
.#XX....#. ≈♣≈ ##5 #
#.5... #... .. #.#.
#[#. ##. #. ###. . #
§## #. .. # #§# # #
... # .#.## #.##


You could see 2 starcursed masses, a daeva, an angel, a brown very ugly thing, a
tentacled starspawn, a lorocyproca (invisible), an entropy weaver, 2 guardian
serpents, a sixfirhy, a smoke demon, a wraith and 2 ufetubi.

Vanquished Creatures
  Bai Suzhen (Snake:3)
  Saint Roka (Elf:2)
  Nikola (Elf:2)
  Rupert (D:15)
  2 deep elf blademasters
  2 tentacled starspawn (Abyss:3)
  2 thorn hunters
  Kirke (Snake:3)
  8 nagarajas
  Louise (D:15)
  An orc warlord (Elf:2)
  A deep elf elementalist (Elf:1)
  2 very ugly things (Abyss:3)
  A deep elf demonologist (Elf:3)
  2 deep elf annihilators
  5 starcursed masses (Abyss:3)
  2 green deaths (Snake:1)
  An ettin (shapeshifter) (D:13)
  Snorg (D:14)
  3 deep elf death magi
  Josephine (D:15)
  A fire dragon (Lair:6)
  Erolcha (D:10)
  2 ogre magi
  Fannar (D:10)
  3 ice dragons
  30 hydras
  15 naga warriors
  A ghost crab (Swamp:2)
  Erica (D:9)
  A death knight (D:13)
  14 anacondas
  6 alligators
  The ghost of Timinator the Geomancer, a journeyman GrEE of Vehumet (D:10)
  A centaur warrior (D:13)
  27 dancing weapons
  12 two-headed ogres
  Urug (D:15)
  A spriggan berserker (Swamp:4)
  16 naga sharpshooters
  2 thrashing horrors (Abyss:3)
  The ghost of Cral the Archer, a novice BaHu of Hepliaklqana (D:8)
  5 shock serpents
  4 orc high priests
  A wretched star (Abyss:3)
  20 deep elf knights
  Nergalle (D:10)
  7 salamander mystics
  4 unseen horrors
  A spatial maelstrom (Abyss:3)
  A shadow wraith (Abyss:3)
  13 deep elf archers
  14 naga ritualists
  3 spriggan druids
  4 shambling mangroves
  Pikel (D:6)
  8 mana vipers
  10 swamp dragons
  A lindwurm (Lair:6)
  11 orc knights
  56 deep elf magi
  5 orc sorcerers
  7 elephants
  2 manticores
  A salamander (shapeshifter) (Elf:3)
  6 cyclopes
  8 ugly things
  20 salamanders
  43 black mambas
  9 guardian serpents
  Joseph (D:9)
  The ghost of Goboxel the Skirmisher, a novice HOFi (D:5)
  2 gargoyles
  2 elephants (shapeshifter)
  2 smoke demons (Abyss:3)
  27 naga magi
  Psyche (D:13)
  5 torpor snails (Lair:6)
  15 spiny frogs
  2 kobold demonologists
  8 komodo dragons
  4 efreet
  A tengu conjurer (D:13)
  An ancient zyme (Abyss:3)
  21 hornets
  3 trolls
  A queen bee (Lair:3)
  2 polar bears
  4 tyrant leeches (Lair:6)
  15 bog bodies
  Grinder (D:5)
  16 hippogriffs
  21 slime creatures
  6 raiju (Abyss:3)
  11 blink frogs
  4 dream sheep (Lair:5)
  A meliai zombie (D:14)
  6 water elementals
  A flying skull (Abyss:3)
  4 shadows
  4 air elementals
  13 spriggans
  2 wyverns
  2 vampires
  6 basilisks
  5 wraiths
  2 fire elementals (Elf:1)
  17 humans
  A steam dragon (D:11)
  4 large abominations (Abyss:3)
  41 yaks
  2 hungry ghosts
  A neqoxec (Abyss:3)
  3 chaos spawn (Abyss:3)
  Edmund (D:5)
  19 vampire mosquitoes
  Menkaure (D:5)
  A steam dragon (shapeshifter) (Elf:2)
  30 swamp worms
  8 insubstantial wisps
  8 wargs
  6 small abominations (Abyss:3)
  A spatial vortex (Abyss:3)
  83 nagas
  Duvessa (D:7)
  12 water moccasins
  40 orc warriors
  3 porcupines
  6 sky beasts
  2 slaves (D:6)
  A black bear (D:9)
  3 ice beasts
  4 phantoms
  10 swamp drakes
  2 eyes of draining
  A necrophage (D:9)
  17 ogres
  14 wolves
  8 centaurs
  13 crocodiles
  An elf zombie (Ossuary)
  4 big kobolds
  27 bullfrogs
  3 wyvern zombies
  4 earth elementals
  2 gnoll sergeants
  2 wyvern skeletons
  Dowan (D:7)
  5 scorpions
  23 killer bees (Lair:3)
  11 wights
  10 crimson imps
  6 howler monkeys
  4 bullfrog zombies
  2 quasits
  2 centaur zombies
  14 hounds
  Crazy Yiuf (D:7)
  3 jellies
  3 bullfrog skeletons
  A human zombie (Ossuary)
  23 orc priests
  21 orc wizards
  4 iguanas
  A merfolk siren (Sewer)
  14 worker ants
  A merfolk avatar (Sewer)
  2 big kobold zombies (Ossuary)
  2 hound zombies
  2 hound skeletons
  4 mummies (Ossuary)
  Robin (D:2)
  4 gnolls (D:9)
  19 adders
  4 shadow imps
  A white imp (Abyss:3)
  2 ufetubi (Abyss:3)
  An ooze (D:2)
  2 adder zombies (D:3)
  2 adder skeletons
  12 worms
  3 dart slugs
  5 leopard geckos
  86 orcs
  7 bats
  10 giant cockroaches
  2 gnoll zombies (Ossuary)
  15 goblins
  10 hobgoblins
  16 jackals
  19 kobolds
  6 quokkas
  9 ball pythons
  9 frilled lizards
  A giant cockroach zombie (D:3)
  A goblin zombie (Ossuary)
  2 jackal skeletons
  3 jackal zombies
  A leopard gecko skeleton (D:3)
  A leopard gecko zombie (D:5)
  An orc zombie (Ossuary)
  A quokka zombie (D:6)
  29 rats
  2 rat zombies (Ossuary)
  A butterfly (Lair:6)
  4 crawling corpses (Elf:1)
  2 fungi
  21 plants (Lair:5)
  A starspawn tentacle (Abyss:3)
1550 creatures vanquished.

Vanquished Creatures (collateral kills)
  Vashnia (Snake:3)
  A deep elf blademaster (Elf:2)
  A hydra (Swamp:2)
  A deep elf archer (Elf:1)
  A naga mage (Snake:3)
5 creatures vanquished.

Vanquished Creatures (others)
  A hydra (D:15)
  2 deep elf knights (Elf:1)
  A large abomination (Abyss:3)
  A shock serpent simulacrum (Abyss:3)
  5 humans (Snake:4)
  A naga (Snake:2)
  2 small abominations (Abyss:3)
  A quasit (Abyss:3)
  A jackal (D:6)
  A kobold (D:12)
  A bush (Lair:6)
  7 fungi
  A lurking horror (Abyss:3)
  17 plants
  23 starspawn tentacles (Abyss:3)
65 creatures vanquished.

Grand Total: 1620 creatures vanquished

Notes
Turn   | Place    | Note
-------+----------+-------------------------------------------
     0 | D:1      | HuneSparrow the Demonspawn Fighter began the quest for the Orb.
     0 | D:1      | Reached XP level 1. HP: 18/18 MP: 1/1
    19 | D:1      | Found a shattered altar of Ashenzari.
   356 | D:1      | Gained mutation: When hurt, damage is shared between your health and your magic reserves. [demonic ancestry]
   356 | D:1      | Reached XP level 2. HP: 24/24 MP: 2/2
  1063 | D:2      | Reached XP level 3. HP: 29/29 MP: 3/3
  1103 | D:2      | Found a snail-covered altar of Cheibriados.
  1875 | D:3      | Noticed Robin
  1897 | D:2      | Gained mutation: You have a pair of small horns on your head. [demonic ancestry]
  1897 | D:2      | Reached XP level 4. HP: 29/35 MP: 4/4
  1981 | D:2      | Killed Robin
  2189 | D:3      | Found a burning altar of Makhleb.
  2246 | D:3      | Reached skill level 5 in Fighting
  2246 | D:3      | Reached skill level 5 in Armour
  2246 | D:3      | Reached skill level 5 in Shields
  2246 | D:3      | Gained mutation: You regenerate magic rapidly. [demonic ancestry]
  2246 | D:3      | Reached XP level 5. HP: 46/46 MP: 4/10
  2248 | D:3      | Gained mutation: You have a pair of horns on your head. [demonic ancestry]
  2248 | D:3      | Reached XP level 6. HP: 53/53 MP: 4/12
  2683 | D:4      | Noticed a hippogriff
  2718 | D:4      | Reached XP level 7. HP: 58/59 MP: 13/13
  2726 | D:4      | Killed a hippogriff
  3035 | D:4      | Found a staircase to the Ecumenical Temple.
  3044 | Temple   | Entered the Ecumenical Temple
  3062 | Temple   | Became a worshipper of Qazlal Stormbringer
  3218 | D:5      | Entered Level 5 of the Dungeon
  3286 | D:5      | Gained mutation: Your movements are slightly less encumbered by armour. (ER -2) [demonic ancestry]
  3286 | D:5      | Reached XP level 8. HP: 29/65 MP: 7/14
  3538 | D:5      | Noticed Edmund
  3555 | D:5      | Killed Edmund
  3579 | D:5      | Found a glowing drain.
  3604 | Sewer    | Entered a sewer
  3639 | Sewer    | Reached * piety under Qazlal
  4147 | D:5      | Reached ** piety under Qazlal
  4171 | D:5      | Noticed Goboxel's ghost (novice HOFi)
  4198 | D:5      | Killed Goboxel's ghost
  4369 | D:5      | Found a radiant altar of Vehumet.
  4420 | D:5      | Noticed Grinder
  4435 | D:5      | Paralysed by Grinder for 4 turns
  4441 | D:5      | Paralysed by Grinder for 5 turns
  4451 | D:5      | Killed Grinder
  4692 | D:5      | Gained mutation: You sometimes gain a little power by taking damage. [demonic ancestry]
  4692 | D:5      | Reached XP level 9. HP: 34/72 MP: 11/15
  5051 | D:5      | Noticed Menkaure
  5055 | D:5      | Killed Menkaure
  5100 | D:5      | Found a glowing silver altar of Zin.
  6316 | D:6      | Noticed Pikel
  6340 | D:6      | Killed Pikel
  6353 | D:6      | Found a glowing golden altar of the Shining One.
  7176 | D:7      | Noticed Duvessa
  7177 | D:7      | Noticed Dowan
  7186 | D:7      | Killed Duvessa
  7186 | D:7      | Reached XP level 10. HP: 67/79 MP: 13/17
  7191 | D:7      | Killed Dowan
  7937 | D:7      | Found a runed door.
  7941 | D:7      | Noticed Crazy Yiuf
  7948 | D:7      | Killed Crazy Yiuf
  8066 | D:8      | Found a sand-covered staircase.
  8073 | Ossuary  | Entered an ossuary
  8517 | D:8      | Noticed Cral's ghost (novice BaHu)
  8529 | D:8      | Killed Cral's ghost
  8838 | D:8      | Reached *** piety under Qazlal
  9000 | D:9      | Noticed an elephant
  9017 | D:9      | Reached skill level 10 in Invocations
  9041 | D:8      | Killed an elephant
  9244 | D:9      | Found a staircase to the Lair.
  9266 | D:9      | Noticed Erica
  9291 | D:9      | Killed Erica
  9291 | D:9      | Gained mutation: When low on magic, you restore magic in place of health. [demonic ancestry]
  9291 | D:9      | Reached XP level 11. HP: 64/86 MP: 16/18
  9395 | D:9      | Noticed a two-headed ogre
  9404 | D:9      | Killed a two-headed ogre
  9404 | D:9      | Reached skill level 10 in Long Blades
  9447 | D:9      | Noticed Joseph
  9462 | D:9      | Killed Joseph
  9583 | D:9      | Got an ancient steel ring
  9952 | D:9      | Found a bloodstained altar of Trog.
 10156 | D:10     | Entered Level 10 of the Dungeon
 10156 | D:10     | Found Rycoq's Antique Weapon Emporium.
 10187 | D:10     | Noticed a two-headed ogre
 10199 | D:10     | Killed a two-headed ogre
 10414 | D:10     | Noticed Erolcha
 10444 | D:10     | Killed Erolcha
 10449 | D:10     | Reached **** piety under Qazlal
 10561 | D:10     | Noticed a two-headed ogre
 10705 | D:9      | Killed a two-headed ogre
 10885 | D:10     | Noticed a two-headed ogre
 10900 | D:10     | Killed a two-headed ogre
 10909 | D:10     | Noticed Timinator's ghost (journeyman GrEE)
 11167 | D:10     | Killed Timinator's ghost
 11390 | D:10     | Found a staircase to the Orcish Mines.
 11408 | D:10     | Noticed Nergalle
 11416 | D:10     | Noticed a spectral orc warlord
 11420 | D:10     | Noticed a spectral orc warlord
 11420 | D:10     | Noticed a spectral orc warlord
 11430 | D:10     | Killed Nergalle
 11430 | D:10     | Reached ***** piety under Qazlal
 11505 | D:10     | Noticed Fannar
 11521 | D:10     | Killed Fannar
 11521 | D:10     | Gained mutation: You sometimes gain power by taking damage. [demonic ancestry]
 11521 | D:10     | Reached XP level 12. HP: 59/95 MP: 15/20
 12203 | D:11     | Noticed a two-headed ogre
 12218 | D:11     | Killed a two-headed ogre
 12884 | D:11     | You fall through a shaft for 2 floors!
 12980 | D:13     | Identified the ring "Iceamuc" {rN+ EV+2 Int+5} (You found it on level 9 of the Dungeon)
 13061 | D:13     | Noticed a two-headed ogre
 13072 | D:13     | Killed a two-headed ogre
 13217 | D:13     | Found a gate to the Vaults.
 13226 | D:12     | Found a flickering gateway to a bazaar.
 13228 | D:12     | Noticed Psyche
 13231 | Bazaar   | Entered a bazaar
 13247 | Bazaar   | Found Cuymm's Jewellery Shoppe.
 13269 | Bazaar   | Found Gamozyh's Magic Scroll Shoppe.
 13269 | Bazaar   | Found Dirchuci's Magic Scroll Emporium.
 13291 | Bazaar   | Found Gax Agg's Armour Shoppe.
 13291 | Bazaar   | Found Akleodonwo's Gadget Emporium.
 13331 | Bazaar   | Bought a wand of disintegration (11/24) for 135 gold pieces
 13356 | Bazaar   | Bought a scroll of enchant weapon for 142 gold pieces
 13356 | Bazaar   | Bought a scroll of identify for 38 gold pieces
 13356 | Bazaar   | Bought a scroll of identify for 38 gold pieces
 13362 | Bazaar   | Bought a scroll of brand weapon for 280 gold pieces
 13362 | Bazaar   | Bought 2 scrolls of identify for 56 gold pieces
 13373 | Bazaar   | Bought a scroll of enchant armour for 105 gold pieces
 13403 | D:12     | Noticed a death knight
 13692 | D:13     | Reached ****** piety under Qazlal
 13753 | D:13     | Killed a death knight
 13865 | D:13     | Killed Psyche
 13871 | D:13     | Noticed a centaur warrior
 13883 | D:13     | Killed a centaur warrior
 14185 | D:12     | Gained mutation: Your magical and physical power is slightly enhanced at high health. [demonic ancestry]
 14185 | D:12     | Reached XP level 13. HP: 103/103 MP: 22/22
 14291 | D:12     | Found a shadowy altar of Dithmenos.
 14462 | D:12     | Found a portal to a secret trove of treasure.
 14671 | D:12     | Found a blossoming altar of Fedhas.
 15171 | Lair:1   | Entered Level 1 of the Lair of Beasts
 15206 | Lair:1   | Reached skill level 10 in Fighting
 15803 | Lair:1   | Reached skill level 10 in Shields
 16665 | Lair:2   | Found a staircase to the Swamp.
 16861 | Lair:2   | Got a dazzling scarf
 16873 | Lair:2   | Identified the scarf of the Accordion {+Fly Regen+ Int+3 SInv} (You found it on level 2 of the Lair of Beasts)
 17447 | Lair:3   | Found a staircase to the Snake Pit.
 18446 | Lair:4   | Reached XP level 14. HP: 108/111 MP: 24/24
 19369 | Orc:1    | Entered Level 1 of the Orcish Mines
 19396 | Orc:1    | Reached skill level 10 in Armour
 19657 | Orc:1    | You fall through a shaft!
 19657 | Orc:2    | Entered Level 2 of the Orcish Mines
 20363 | Orc:2    | Paralysed by an orc sorcerer for 5 turns
 20512 | Orc:2    | Found a staircase to the Elven Halls.
 20517 | Orc:2    | Found a roughly hewn altar of Beogh.
 20956 | Orc:2    | Found Joaceim's Antique Armour Boutique.
 20956 | Orc:2    | Found Pibloe Avawn's Weapon Emporium.
 20960 | Orc:2    | Found Sypap's Food Boutique.
 20960 | Orc:2    | Found Dusekeke's Assorted Antiques.
 20973 | Orc:2    | Bought a scroll of identify for 56 gold pieces
 22120 | Lair:5   | Found a staircase to the Slime Pits.
 22121 | Lair:5   | Found a viscous altar of Jiyva.
 22922 | Lair:6   | Entered Level 6 of the Lair of Beasts
 23438 | Lair:6   | Found a runed door.
 24262 | Lair:6   | Gained mutation: You have a pair of large horns on your head. [demonic ancestry]
 24262 | Lair:6   | Reached XP level 15. HP: 119/119 MP: 25/25
 24349 | Swamp:1  | Entered Level 1 of the Swamp
 24986 | D:13     | Found Faok's Book Emporium.
 26314 | D:14     | Noticed Snorg
 26322 | D:14     | Killed Snorg
 26600 | D:15     | Entered Level 15 of the Dungeon
 26685 | D:15     | Noticed Josephine
 26711 | D:15     | Killed Josephine
 26755 | D:15     | Noticed Louise
 26768 | D:15     | Cast into level 3 of the Abyss (Louise)
 26819 | Abyss:3  | Noticed a tentacled starspawn
 27044 | Abyss:3  | Noticed a tentacled starspawn
 27053 | Abyss:3  | Killed a tentacled starspawn
 27070 | Abyss:3  | Gained mutation: [Your body sometimes deteriorates upon taking damage.] [a neqoxec]
 27107 | Abyss:3  | Reached skill level 15 in Invocations
 27466 | Abyss:3  | Noticed a bone dragon
 27507 | D:15     | Escaped the Abyss
 27517 | D:15     | Killed Louise
 27714 | D:15     | Noticed Rupert
 27734 | D:15     | Killed Rupert
 27785 | D:15     | Noticed Urug
 28035 | D:15     | Killed Urug
 28062 | D:15     | Reached skill level 15 in Long Blades
 28062 | D:15     | Reached XP level 16. HP: 128/128 MP: 27/27
 28110 | D:15     | Found Ajaiz's Armour Boutique.
 28530 | D:15     | Lost mutation: [Your body sometimes deteriorates upon taking damage.] [potion of mutation]
 28530 | D:15     | Gained mutation: You are robust. (+10% HP) [potion of mutation]
 28530 | D:15     | Gained mutation: You evolve. [potion of mutation]
 28806 | D:15     | Found a staircase to the Depths.
 29204 | Lair:2   | Gained mutation: Armour fits poorly on your strangely shaped body. [evolution]
 30084 | Swamp:2  | Lost mutation: You are robust. (+10% HP) [potion of mutation]
 30084 | Swamp:2  | Lost mutation: Armour fits poorly on your strangely shaped body. [potion of mutation]
 30084 | Swamp:2  | Lost mutation: You evolve. [potion of mutation]
 30084 | Swamp:2  | Gained mutation: You have sharp fingernails. [potion of mutation]
 30084 | Swamp:2  | Gained mutation: You are weak. (Str -2) [potion of mutation]
 30084 | Swamp:2  | Gained mutation: You have very sharp fingernails. [potion of mutation]
 30084 | Swamp:2  | Gained mutation: Your mind is acute. (Int +2) [potion of mutation]
 30134 | Swamp:2  | Noticed a thorn hunter
 30164 | Swamp:2  | Killed a thorn hunter
 31868 | Swamp:4  | Entered Level 4 of the Swamp
 32162 | D:10     | Got a faintly glowing scimitar {flame}
 32163 | D:10     | Identified the cursed +1 scimitar "Seso" {flame, rC+ rN+ Dex+2} (You took it off an orc on level 10 of the Dungeon)
 33079 | Swamp:4  | Noticed a thorn hunter
 33096 | Swamp:4  | Killed a thorn hunter
 33174 | Swamp:4  | Gained mutation: You are powered by pain. [demonic ancestry]
 33174 | Swamp:4  | Reached XP level 17. HP: 114/136 MP: 25/29
 33584 | Swamp:4  | Got a decaying rune of Zot
 33808 | Elf:1    | Entered Level 1 of the Elven Halls
 34826 | Elf:1    | HP: 10/205 [deep elf archer/uncursed enchanted dagger (3)]
 35239 | Elf:1    | Found Tiyfu's Jewellery Shoppe.
 35336 | Elf:2    | Found an ancient bone altar of Kikubaaqudgha.
 35338 | Elf:2    | Noticed Nikola
 35354 | Elf:2    | Killed Nikola
 36549 | Elf:2    | Found a huge runed gate.
 36549 | Elf:2    | Found a huge runed gate.
 36549 | Elf:2    | Found a huge runed gate.
 36549 | Elf:2    | Found a huge runed gate.
 36550 | Elf:2    | Found a huge runed gate.
 36608 | Elf:2    | Found Mock's Antique Weapon Shoppe.
 36719 | Elf:2    | Noticed a deep elf blademaster
 36754 | Elf:2    | Killed a deep elf blademaster
 37035 | Elf:2    | Noticed Saint Roka
 37114 | Elf:1    | Reached XP level 18. HP: 65/145 MP: 30/30
 38089 | Elf:2    | Killed Saint Roka
 38091 | Elf:2    | Paralysed by an orc sorcerer for 7 turns
 38780 | Elf:3    | Entered Level 3 of the Elven Halls
 39250 | Elf:3    | Noticed a Hell Sentinel
 39256 | Elf:3    | HP: 6/146 [deep elf blademaster/rapier (5)]
 39256 | Elf:3    | HP: 1/146 [deep elf blademaster/rapier (5)]
 39326 | Elf:2    | HP: 7/146 [ghostly deep elf blademaster/quick blade (8)]
 39843 | Snake:1  | Entered Level 1 of the Snake Pit
 40083 | Snake:1  | Found Kecoruo's Jewellery Emporium.
 40085 | Snake:1  | Found Cyihy's Antique Armour Shoppe.
 40088 | Snake:1  | Found Duelimpi's Distillery.
 40095 | Snake:1  | Bought a potion of haste for 130 gold pieces
 40095 | Snake:1  | Bought 2 potions of heal wounds for 130 gold pieces
 40095 | Snake:1  | Bought a potion of mutation for 104 gold pieces
 40097 | Snake:1  | Bought a pair of runed gloves for 165 gold pieces
 40199 | Snake:1  | Found a runed door.
 42274 | Snake:2  | Reached XP level 19. HP: 153/153 MP: 31/31
 42818 | Snake:4  | Entered Level 4 of the Snake Pit
 42871 | Snake:4  | Noticed Kirke
 42892 | Snake:3  | Killed Kirke
 43787 | Snake:4  | Noticed Vashnia
 43869 | Snake:3  | Killed Vashnia
 44001 | Snake:4  | Noticed Bai Suzhen
 44050 | Snake:3  | Killed Bai Suzhen
 44352 | Snake:3  | Reached skill level 15 in Fighting
 45709 | Snake:4  | Reached XP level 20. HP: 140/162 MP: 31/33
 45895 | Snake:4  | Got a serpentine rune of Zot
 46789 | Snake:1  | Bought a potion of curing for 39 gold pieces
 46789 | Snake:1  | Bought 2 potions of curing for 78 gold pieces
 46789 | Snake:1  | Bought a potion of curing for 39 gold pieces
 47018 | Elf:3    | Cast into level 3 of the Abyss (a deep elf sorcerer)
 47791 | Abyss:3  | HP: 1/163 [angel/sacred scourge of holy wrath (17)]
 47791 | Abyss:3  | Demolished by an angel

Skill      XL: |  1  2  3  4  5  6  7  8  9 10 11 12 13 14 15 16 17 18 19 |
---------------+----------------------------------------------------------+-----
Long Blades    | 2 6 7 8 9 10 11 12 14 15 16 17 18 | 18.9
Armour         | 3 5 6 7 8 9 10 11 12 13 14 | 14.4
Shields        | 3 5 6 7 8 9 10 11 12 13 14 | 14.6
Fighting       | 5 6 7 8 9 10 11 12 13 14 15 | 15.5
Invocations    | 7 9 10 11 12 13 14 15 16 17 18 | 18.8

Action                   |  1- 3 |  4- 6 |  7- 9 | 10-12 | 13-15 | 16-18 | 19-21 || total
-------------------------+-------+-------+-------+-------+-------+-------+-------++-------
Melee: Long sword        |   170 |   113 |   423 |   881 |  1468 |  1521 |   865 ||  5441
       Headbutt          |       |    22 |    97 |   191 |   414 |   412 |   255 ||  1391
       Great sword       |       |       |     9 |       |       |       |       ||     9
       Scimitar          |       |       |       |       |       |   254 |       ||   254
       Unarmed           |       |       |       |       |       |       |     1 ||     1
Invok: Upheaval          |       |       |       |     6 |    26 |    21 |     2 ||    55
       Elemental Force   |       |       |       |       |       |     4 |     2 ||     6
       Disaster Area     |       |       |       |       |       |       |     1 ||     1
 Abil: Evoke Flight      |       |       |       |       |       |     3 |       ||     3
       Stop Flying       |       |       |       |       |       |     2 |       ||     2
Evoke: Wand              |       |       |       |     1 |     2 |     6 |       ||     9
       Lamp of fire      |       |       |       |       |       |     2 |       ||     2
       Phial of floods   |       |       |       |       |       |     1 |       ||     1
  Use: Potion            |       |     2 |     5 |     1 |    10 |    15 |    18 ||    51
       Scroll            |       |     4 |    11 |     7 |    17 |     5 |    10 ||    54
 Stab: Invisible         |       |       |       |       |     1 |       |       ||     1
       Distracted        |       |       |       |       |       |       |     1 ||     1
  Eat: Chunk             |     3 |     3 |    11 |    44 |    51 |    46 |    18 ||   176
       Bread ration      |       |       |     1 |       |       |       |       ||     1
       Meat ration       |       |       |       |     1 |       |       |       ||     1
Armor: Scale mail        |    85 |    51 |    95 |    29 |       |       |       ||   260
       Plate armour      |       |       |       |   336 |   330 |   543 |   119 ||  1328
       Skin              |       |       |       |       |     7 |    20 |       ||    27
       Storm dragon scal |       |       |       |       |       |       |   174 ||   174
Dodge: Dodged            |    56 |    39 |    84 |   175 |   230 |   394 |   253 ||  1231
       Deflected         |       |       |       |     7 |    15 |    46 |    57 ||   125
Block: Shield            |    89 |    62 |   206 |   681 |  1187 |  1628 |  1051 ||  4904
       Other             |       |       |     1 |       |       |       |       ||     1
       Rpst.: Long sword |    14 |    10 |    24 |    50 |    59 |    74 |    43 ||   274
       Great sword       |       |       |     1 |       |       |       |       ||     1
       Scimitar          |       |       |       |       |       |    15 |       ||    15
